 Dungeon Crawl Stone Soup version 0.18-a0-1542-g9c1a92e (webtiles) character file.

720 Tomstefer the Cleaver (level 7, 0/64 HPs)
             Began as a Hill Orc Berserker on Mar 10, 2016.
             Was a Priest of Trog.
             Slain by a scorpion (4 damage)
             ... on level 5 of the Dungeon.
             The game lasted 00:08:02 (4618 turns).

Tomstefer the Cleaver (Hill Orc Berserker)          Turns: 4618, Time: 00:08:02

Health: 0/64       AC: 15    Str: 20    XL:     7   Next: 70%
Magic:  7/7        EV:  6    Int:  7    God:    Trog [***...]
Gold:   324        SH:  0    Dex: 12    Spells: 0 memorised, 6 levels left

rFire  + . .     SeeInvis .     a - +1 hand axe (freeze)
rCold  x . .     Gourm    .     w - +1 plate armour
rNeg   . . .     Faith    .     (no shield)
rPois  .         Spirit   .     h - -1 helmet (curse)
rElec  .         Dismiss  .     o - +2 cloak
rCorr  .         Reflect  .     (no gloves)
SustAt .         Harm     .     (no boots)
MR     ++...                    (no amulet)
Stlth  ..........               b - ring of fire
                                (no ring)

@: exhausted, regenerating, slowed, very slow, very resistant to hostile
enchantments, extremely unstealthy
A: no striking features
a: Berserk, Trog's Hand, Burn Spellbooks, Renounce Religion


You were on level 5 of the Dungeon.
You worshipped Trog.
Trog was most pleased with you.
You were hungry.

You visited 1 branch of the dungeon, and saw 5 of its levels.

You collected 324 gold pieces.

Inventory:

Hand Weapons
 a - a +1 hand axe of freezing (weapon)
Armour
 h - a cursed -1 helmet (worn)
 o - a +2 cloak (worn)
 w - a +1 plate armour (worn)
Jewellery
 b - a ring of fire (right hand)
 i - a +2 ring of intelligence
Wands
 d - a wand of flame (48/48)
Scrolls
 e - a scroll of identify
 g - 2 scrolls of remove curse
 k - 2 scrolls of enchant weapon
 r - a scroll of magic mapping
 s - 2 scrolls of teleportation
 u - a scroll of recharging
Potions
 f - 4 potions of curing
 n - 2 potions of cancellation
 p - 3 potions of haste {unknown}
Comestibles
 c - 4 bread rations
 j - 3 beef jerkies
 l - a chunk of flesh
 m - 2 meat rations


   Skills:
 + Level 6.7 Fighting
 * Level 9.6 Axes
 - Level 2.1 Armour
 - Level 1.5 Dodging


You had 6 spell levels left.
You didn't know any spells.

Dungeon Overview and Level Annotations

Branches:
Dungeon (5/15)
 Temple: D:4-7

Altars:

Annotations:
D:5 Duvessa


Message History

You feel sick. Duvessa hits you but does no damage.
Read which item? (? for menu, Esc to quit)
Okay, then.
Drink which item? (? for menu, Esc to quit)
You feel better. Duvessa hits you with a short sword.
* * * LOW HITPOINT WARNING * * *
Duvessa hits you with a short sword.
* * * LOW HITPOINT WARNING * * *
Duvessa hits you but does no damage.
Your skin crawls.
You feel resistant to hostile enchantments.
You feel slightly more hungry. Duvessa closely misses you.
Duvessa hits you with a short sword!
* * * LOW HITPOINT WARNING * * *
The scorpion stings you but does no damage.
Duvessa hits you but does no damage.
Some of the chunks of flesh in your inventory have rotted away.
Duvessa is no longer berserk.
Duvessa hits you but does no damage. The scorpion stings you.
You die...

*,* **,* *,***#,*#..#*.# *,*
#.* **,####.##..##># *** *,*
#.# *,,......)..$..#****,,
*,* #.#
*,,****#.#..#.#,,,,,,, *,*
#.# #..# #.#...#**,,,,,,
**,* #.# #..# #.#..##
**,,,,* *,,* #.# #..# #.#.##
**,,,*
*,**###.###..#####.#..##
**,,,,* *,*
#.....#....@e......#**,,,,**
*,*
#........##.s..)..#.#,**,***
*,*
#........##.#####.##.#,,,,,,
*,**#........##.#
#.#*##,*,***
#...............# #.# *,*,*
###############.#####.#
*,*,* #.#...#.# *,*,***
#.......####.*,,,,
##.......(...#****


You could see Duvessa and a scorpion.

Vanquished Creatures
  An ice beast (D:5)
  An ogre (D:4)
  A giant frog (D:3)
  Dowan (D:5)
  2 orc wizards
  A giant frog skeleton (D:5)
  4 orc priests
  2 worker ants
  A hound skeleton (D:4)
  8 adders
  An ooze (D:4)
  2 worms
  A dart slug (D:3)
  3 giant geckos
  11 orcs
  3 bats
  6 giant cockroaches
  4 goblins
  5 hobgoblins
  3 jackals (D:4)
  3 quokkas (D:4)
  A giant gecko zombie (D:5)
  7 giant newts
  6 kobolds
  9 rats
87 creatures vanquished.

Notes
Turn   | Place    | Note
--------------------------------------------------------------
     0 | D:1      | Tomstefer the Hill Orc Berserker began the quest for the Orb.
     0 | D:1      | Reached XP level 1. HP: 19/19 MP: 1/1
   357 | D:1      | Reached XP level 2. HP: 25/27 MP: 2/2
   790 | D:2      | Reached skill level 5 in Axes
   790 | D:2      | Reached XP level 3. HP: 25/33 MP: 3/3
   840 | D:2      | Reached ** piety under Trog
  1388 | D:3      | Reached XP level 4. HP: 37/41 MP: 4/4
  1791 | D:3      | Noticed a giant frog
  1807 | D:3      | Killed a giant frog
  1807 | D:3      | Reached skill level 5 in Fighting
  1807 | D:3      | Reached skill level 6 in Axes
  1807 | D:3      | Reached XP level 5. HP: 16/48 MP: 5/5
  2085 | D:3      | Found a faded altar to an unknown god.
  2455 | D:4      | Noticed an ogre
  2463 | D:4      | Killed an ogre
  2463 | D:4      | Reached skill level 7 in Axes
  2463 | D:4      | Reached XP level 6. HP: 56/56 MP: 6/6
  2975 | D:4      | Reached *** piety under Trog
  2983 | D:4      | Reached skill level 8 in Axes
  3598 | D:5      | Entered Level 5 of the Dungeon
  3630 | D:5      | Reached XP level 7. HP: 58/63 MP: 7/7
  4044 | D:5      | Reached skill level 9 in Axes
  4591 | D:5      | Noticed Dowan
  4592 | D:5      | Noticed Duvessa
  4600 | D:5      | Killed Dowan
  4617 | D:5      | HP: 2/64 [Duvessa/short sword (10)]
  4618 | D:5      | Slain by a scorpion

Vault maps used:
D:1:      dpeg_arrival_ratfight
D:3:      ecumenical_altar_1
D:5:      first_bread, kennysheep_generic_room_7, uniq_duvessa

Skill      XL: |  1  2  3  4  5  6  7 |
---------------+----------------------+-----
Fighting       | 4 5 6 |  6.7
Axes           | 5 6 7 8 9 |  9.6
Armour         | |  2.1
Dodging        | |  1.5

Action                   |  1- 3 |  4- 6 |  7- 9 || total
-------------------------+-------+-------+-------++-------
Melee: Hand axe          |   114 |   185 |    80 ||   379
Invok: Berserk           |     1 |     2 |     3 ||     6
       Trog's Hand       |       |       |     1 ||     1
  Use: Scroll            |       |     2 |    10 ||    12
       Potion            |       |       |     1 ||     1
 Stab: Sleeping          |     1 |       |       ||     1
  Eat: Chunk             |     2 |     9 |     2 ||    13
       Bread ration      |       |       |     1 ||     1
